 Dungeon Crawl Stone Soup version 0.30-a0-637-gacddeb6d44 (webtiles) character file.

Game seed: 17377345254428009566

2464 Leeroy the Carver (level 9, -1/72 HPs)
             Began as a Tengu Warper on Jan 15, 2023.
             Was a Follower of Uskayaw.
             Succumbed to a kobold brigand's poison
             ... on level 8 of the Dungeon.
             The game lasted 00:12:04 (7011 turns).

Leeroy the Carver (Tengu Warper)                    Turns: 7011, Time: 00:12:05

Health: -1/72      AC:  3    Str: 12    XL:     9   Next: 50%
Magic:  13/13      EV: 15    Int: 14    God:    Uskayaw [*.....]
Gold:   53         SH:  0    Dex: 17    Spells: 4/12 levels left

rFire   . . .      SeeInvis .    H - +1 scimitar (holy)
rCold   . . .      Faith    .    (no shield)
rNeg    . . .      Spirit   .    b - +0 leather armour
rPois   .          Reflect  .    (helmet restricted)
rElec   .          Harm     .    (no cloak)
rCorr   .          Rampage  .    (no gloves)
Will    +....                    (boots unavailable) Stlth
                                 g - amulet of the acrobat
HPRegen 0.32/turn                t - ring of willpower
MPRegen 0.13/turn                I - ring of wizardry

@: berserking, lethally poisoned (-1 -> -24), flying quickly and evasively, very
quick
A: beak, talons 3, nimble flight
a: Renounce Religion, Stomp


You were on level 8 of the Dungeon.
You worshipped Uskayaw.
Uskayaw was noncommittal.
You visited 2 branches of the dungeon, and saw 9 of its levels.

You collected 391 gold pieces.
You spent 338 gold pieces at shops.

Inventory:

Hand Weapons
 a - a +0 falchion
 v - a +0 long sword
 w - a +4 dagger
 y - a +1 heavy sling
 D - a +0 dagger of speed
 H - a +1 scimitar of holy wrath (weapon)
 J - a +0 lajatang
Missiles
 d - 7 boomerangs of dispersal
 r - 2 javelins (quivered)
Armour
 b - a +0 leather armour (worn)
 i - a +0 chain mail
Jewellery
 g - an amulet of the acrobat (around neck)
 p - a ring of see invisible
 t - a ring of willpower (left hand)
 I - a ring of wizardry (right hand)
Wands
 z - a wand of iceblast (5)
 B - a wand of mindburst (8)
Scrolls
 c - a scroll of blinking
 e - 9 scrolls of identify {unknown}
 j - 3 scrolls of noise {unknown}
 n - a scroll of silence {unknown}
 o - 4 scrolls of teleportation {unknown}
 q - a scroll of enchant weapon {unknown}
 u - 2 scrolls of vulnerability {unknown}
 x - a scroll of poison {unknown}
 A - 3 scrolls of enchant armour {unknown}
 C - 3 scrolls of amnesia {unknown}
 G - a scroll of brand weapon {unknown}
Potions
 f - a potion of berserk rage
 h - 3 potions of flight
 k - 2 potions of heal wounds {unknown}
 l - a potion of invisibility {unknown}
 m - 2 potions of lignification {unknown}
 s - 2 potions of brilliance {unknown}
 F - 2 potions of degeneration {unknown}


   Skills:
 - Level 2.0 Fighting
 + Level 12.7 Long Blades
 - Level 1.0 Throwing
 - Level 4.3 Armour
 - Level 3.1 Dodging
 - Level 2.0 Spellcasting
 - Level 2.4 Translocations
 + Level 1.4 Evocations


You had 4 spell levels left.
You knew the following spells:

 Your Spells              Type           Power      Damage    Failure   Level
a - Blink                 Tloc           16%        N/A       7%          2
b - Teleport Other        Tloc           8%         N/A       14%         3
c - Vhi's Electric Charg  Tloc/Air       8%         N/A       22%         3

Your spell library contained the following spells:

 Spells                   Type           Power      Damage    Failure   Level
 Lesser Beckoning         Tloc           16%        N/A       14%         3
 Sublimation of Blood     Necr           1%         N/A       17%         2
 Wereblood                Tmut           1%         N/A       17%         2
 Manifold Assault         Tloc           8%         N/A       41%         4
 Summon Hydra             Summ           0%         N/A       100%        7


Dungeon Overview and Level Annotations

Branches:
Dungeon (8/15)             Temple (1/1) D:6
   Lair: D:8-11

Altars:
Ashenzari
Cheibriados
Dithmenos
Elyvilon
Gozag
Hepliaklqana
Kikubaaqudgha
Makhleb
Nemelex Xobeh
Okawaru
Qazlal
Ru
Sif Muna
Trog
Uskayaw
Vehumet
Wu Jian
Xom
Yredelemnul
Zin
The Shining One

Shops:
D:2 *   D:3 (   D:4 !   D:5 (

Annotations:
D:7 Joseph


Innate Abilities, Weirdness & Mutations

You have a beak for a mouth.
You have claws for feet.
Your magical nature lets you fly swiftly and evasively.


Message History

The kobold hits you with a +1 dagger of speed.
The kobold misses you. The kobold closely misses you.
You closely miss the kobold brigand. Your kick misses the kobold brigand.
The kobold brigand is severely wounded.
You feel sick.
The kobold brigand hits you with a +2 dagger of venom.
You are lethally poisoned!
The kobold closely misses you. The kobold misses you.
The kobold closely misses you.
You are too injured to fight recklessly!
You are too injured to fight recklessly!
It was a potion of flight.
You feel more buoyant.
You feel very sick.
The kobold hits you with a +0 short sword.
* * * LOW HITPOINT WARNING * * *
The kobold brigand closely misses you.
The kobold hits you with a +1 dagger of speed.
* * * LOW HITPOINT WARNING * * *
The kobold misses you.
It was a potion of berserk rage.
A red film seems to cover your vision as you go berserk!
You feel yourself moving faster!
You feel mighty!
* * * LOW HITPOINT WARNING * * *
You feel very sick.
The kobold hits you with a +1 dagger of speed.
* * * LOW HITPOINT WARNING * * *
The kobold misses you.
The kobold brigand hits you with a +2 dagger of venom.
* * * LOW HITPOINT WARNING * * *
You are more poisoned.
The kobold hits you with a +1 dagger of speed.
* * * LOW HITPOINT WARNING * * *
The kobold hits you but does no damage.
You are too berserk!
You are too berserk!
Unknown command.
You slice the kobold brigand!!
You kill the kobold brigand!
You die...

#... ##.#. #...# ### ## #
#...# # #.# .# #
#...######.##.##.### #
#...#...##.........####
#####....###.####.........~
..<.....## ##.#.K..........
##......# #...@)...~##..
........## ##...KK...(((...
#####....###.....#.#.....#.
##...#........(###.###..
#......#....~..# ..# .
#....#.#....#..# ..!#
#....#.##........ ....
#.#............... ..#.
#.####.#....~.#.#.


You could see 3 kobolds.

Vanquished Creatures
  A rime drake (D:8)
  A polar bear (D:8)
  A yak (D:8)
  Menkaure (D:6)
  2 sky beasts
  A black bear (D:8)
  4 ice beasts
  An ogre (D:5)
  A phantom (D:4)
  A kobold brigand (D:8)
  A necrophage (D:5)
  5 scorpions
  A wight (D:7)
  2 orc priests (D:6)
  4 hounds
  2 orc wizards (D:6)
  4 iguanas
  A gnoll (D:5)
  10 adders
  A shadow imp (D:7)
  3 white imps
  A worm (D:2)
  19 orcs
  3 ball pythons
  3 bats
  6 endoplasms
  3 giant cockroaches
  6 goblins
  6 hobgoblins
  2 jackals (D:2)
  6 quokkas
  2 frilled lizards
  9 kobolds
  5 rats
119 creatures vanquished.

Notes
Turn   | Place    | Note
-------+----------+-------------------------------------------
     0 | D:1      | Leeroy the Tengu Warper began the quest for the Orb.
     0 | D:1      | Reached XP level 1. HP: 12/12 MP: 4/4
   663 | D:2      | Found Hagif's General Store.
   700 | D:2      | Reached skill level 3 in Long Blades
   700 | D:2      | Reached XP level 2. HP: 17/17 MP: 6/6
   973 | D:2      | Reached XP level 3. HP: 21/21 MP: 7/7
  1263 | D:2      | Reached skill level 4 in Long Blades
  1474 | D:3      | Reached XP level 4. HP: 26/26 MP: 8/8
  1484 | D:3      | Reached skill level 5 in Long Blades
  1519 | D:3      | Found a faded altar of an unknown god.
  1852 | D:3      | Found Tererycw's Weapon Shoppe.
  1860 | D:3      | Bought a +0 long sword for 45 gold pieces
  1926 | D:3      | Gained mutation: Your magical nature lets you fly swiftly
                  | and evasively. [Tengu growth]
  1926 | D:3      | Reached XP level 5. HP: 25/30 MP: 9/9
  2224 | D:4      | Found a bloodstained altar of Trog.
  2249 | D:4      | Noticed a phantom
  2350 | D:4      | Killed a phantom
  2351 | D:4      | Reached skill level 6 in Long Blades
  2489 | D:4      | Reached XP level 6. HP: 28/35 MP: 10/10
  2551 | D:4      | Reached skill level 7 in Long Blades
  2603 | D:4      | Found Keqiklun's Distillery.
  2611 | D:4      | Bought a potion of ambrosia for 80 gold pieces
  2621 | D:4      | Found a snail-covered altar of Cheibriados.
  2703 | D:4      | Found a stormy altar of Qazlal.
  2955 | D:5      | Entered Level 5 of the Dungeon
  3109 | D:5      | Reached skill level 8 in Long Blades
  3109 | D:5      | Reached XP level 7. HP: 20/40 MP: 11/11
  3354 | D:5      | Found Hextioj's Weapon Shoppe.
  3654 | D:5      | You are sucked into a shaft and drop 2 floors!
  3865 | D:6      | Found a broken altar of Ashenzari.
  3904 | D:6      | Reached skill level 9 in Long Blades
  3965 | D:6      | Noticed Menkaure
  4085 | D:6      | Found a staircase to the Ecumenical Temple.
  4100 | D:6      | Killed Menkaure
  4101 | D:6      | Reached XP level 8. HP: 11/44 MP: 12/12
  4324 | D:6      | Learned a level 2 spell: Blink
  4328 | D:6      | Learned a level 3 spell: Teleport Other
  4332 | D:6      | Learned a level 3 spell: Vhi's Electric Charge
  4700 | D:6      | Reached skill level 10 in Long Blades
  4768 | D:6      | Found a sacrificial altar of Ru.
  5075 | Temple   | Entered the Ecumenical Temple
  5241 | Temple   | Became a worshipper of Uskayaw the Reveller
  5297 | D:5      | Reached * piety under Uskayaw
  5365 | D:5      | Found a sparkling altar of Nemelex Xobeh.
  5366 | D:5      | Found a glowing silver altar of Zin.
  5369 | D:5      | Reached ** piety under Uskayaw
  5660 | D:5      | Found an ancient bone altar of Kikubaaqudgha.
  5887 | D:5      | Bought a +1 scimitar of holy wrath for 213 gold pieces
  6127 | D:7      | Noticed Joseph
  6259 | D:8      | Reached skill level 11 in Long Blades
  6514 | D:8      | Noticed a rime drake
  6515 | D:8      | Noticed a polar bear
  6530 | D:8      | Killed a rime drake
  6530 | D:8      | Reached *** piety under Uskayaw
  6531 | D:8      | Reached XP level 9. HP: 40/48 MP: 13/13
  6616 | D:8      | Reached skill level 12 in Long Blades
  6710 | D:8      | Killed a polar bear
  6711 | D:8      | Reached skill level 1 in Evocations
  6852 | D:8      | Found a hazy altar of Hepliaklqana.
  7010 | D:8      | HP: 2/72 [kobold/+1 dagger of speed (4)]
  7011 | D:8      | Succumbed to a kobold brigand's poison

Illustrated notes

Levels and vault maps discovered:
D:1:      psy_arrival_whirlpool, layout_loops_ring
D:2:      layout_basic, serial_shops, shop
D:3:      layout_rooms, serial_shops, shop_fountains,
          dreamdust_ecumenical_altar_statues, minmay_misc_feat_diagonals,
          nicolae_half_adder
D:4:      layout_loops_ring, trog_butcher_becter, lemuel_tele_altar,
          overflow_temple_1_default, serial_shops,
          nicolae_shop_competitors_out_of_business, minmay_statues_item,
          hangedman_abyss_or_decor_stabs
D:5:      layout_rooms, jmf_multi_god_temple, mainiacjoe_overflow_alcove_2,
          serial_shops, kennysheep_mini, nicolae_titane
D:6:      layout_basic, nicolae_ru_the_path_less_chosen,
          evilmike_ruin_ashenzari, minmay_temple_entry_proselytizer,
          uniq_menkaure
D:7:      layout_rooms, serial_glass, glass_columns_b, glass_columns_a,
          minmay_strange_pillars, item_on_display_a, minmay_strange_pillars,
          minmay_strange_pillars, nrook_uturn, nicolae_shop_i_like_big_books,
          grunt_decor_arrowhead, uniq_joseph
D:8:      minmay_statue_hallways, layout_loops_cross, lemuel_round_altar,
          hellmonk_lair_entry_icy, hangedman_decor_growths
Temple:   hellmonk_temple_flake

Skill      XL: |  1  2  3  4  5  6  7  8  9 |
---------------+----------------------------+-----
Long Blades    | 3 4 5 6 8 9 11 12 | 12.7
Armour         | 3 4 |  4.3
Dodging        | 3 |  3.1
Evocations     | 1 |  1.4
Fighting       | |  2.0
Throwing       | |  1.0
Spellcasting   | |  2.0
Translocations | |  2.4

Action                   |  1- 3 |  4- 6 |  7- 9 || total
-------------------------+-------+-------+-------++-------
Melee: Falchion          |    80 |    31 |       ||   111
       Peck              |    11 |    19 |    40 ||    70
       Kick              |    14 |    34 |    56 ||   104
       Punch             |     2 |     2 |     3 ||     7
       Long sword        |       |   104 |   134 ||   238
       Scimitar          |       |       |    68 ||    68
Throw: Throwing net      |       |       |     2 ||     2
       Dart              |       |       |    11 ||    11
       Javelin           |       |       |     4 ||     4
Evoke: Wand              |       |       |     6 ||     6
  Use: Potion            |       |       |     6 ||     6
 Stab: Held in net/web   |       |       |     2 ||     2
       Sleeping          |       |       |     1 ||     1
       Paralysed         |       |       |     1 ||     1
Armor: Chain mail        |    45 |    75 |    64 ||   184
       Leather armour    |       |       |    10 ||    10
Dodge: Dodged            |    32 |    57 |    68 ||   157

Table legend: (Time is in decaauts)
 A = Elapsed time spent in this place.
 B = Non-inter-level travel time spent in this place.
 C = Inter-level travel time spent in this place.
 D = Time resting spent in this place.
 E = Time spent auto-exploring this place.
 F = Levels seen in this place.
 G = Mean time per level.
                   A        B        C        D        E       F      G
               +--------+--------+--------+--------+--------+-----+--------+
         Total |   6748 |   6399 |    349 |    480 |   4669 |   9 |  749.8 |
       Dungeon |   6586 |   6255 |    331 |    480 |   4555 |   8 |  823.2 |
        Temple |    162 |    144 |     18 |      0 |    114 |   1 |  162.0 |
               +--------+--------+--------+--------+--------+-----+--------+

Top non-repeatable levels by time:
     D:6: 1384 daAuts
     D:5: 1141 daAuts
     D:2: 881 daAuts
     D:4: 855 daAuts
     D:8: 828 daAuts
     D:1: 650 daAuts
     D:3: 649 daAuts
     D:7: 195 daAuts
  Temple: 162 daAuts
